 Dungeon Crawl Stone Soup version 0.24.1 (console) character file.

Game seed: 4876493241901541100, levelgen mode: deterministic

149 OTRawrior the Conjurer (level 5, -1/28 HPs)
             Began as a Deep Elf Conjurer on Mar 27, 2020.
             Slain by Grinder (6 damage)
             ... on level 3 of the Dungeon.
             The game lasted 00:05:45 (2113 turns).

OTRawrior the Conjurer (Deep Elf Conjurer)          Turns: 2113, Time: 00:05:46

Health: -1/28      AC:  2    Str:  6    XL:     5   Next: 9%
Magic:  1/14       EV: 13    Int: 20    God:
Gold:   182        SH:  0    Dex: 15    Spells: 6/13 levels left

rFire    + . .     SeeInvis .   j - +1 dagger (venom)
rCold    x . .     Gourm    .   (no shield)
rNeg     . . .     Faith    .   a - +0 robe
rPois    .         Spirit   .   (no helmet)
rElec    .         Reflect  .   (no cloak)
rCorr    .         Harm     .   (no gloves)
MR       .....                  (no boots)
Stlth    ++........             b - amulet of the acrobat
HPRegen  0.09/turn              g - ring of fire
MPRegen  0.14/turn              (no ring)

@: no status effects
A: sense surroundings 1, evolution 1
a: no special abilities


You were on level 3 of the Dungeon.
You were hungry.

You visited 1 branch of the dungeon, and saw 3 of its levels.

You collected 182 gold pieces.

Inventory:

Hand Weapons
 d - a +1 dagger of freezing
 j - a +1 dagger of venom (weapon)
Armour
 a - a +0 robe (worn)
Jewellery
 b - an amulet of the acrobat (around neck)
 g - a ring of fire (left hand)
Scrolls
 e - a scroll of fear {unknown}
 i - a scroll of enchant armour {unknown}
 l - a scroll of teleportation {unknown}
 m - 3 scrolls of identify {unknown}
Potions
 f - 2 potions of curing
 h - a potion of brilliance {unknown}
 k - a potion of magic {unknown}
 n - a potion of heal wounds {unknown}
 o - 2 potions of mutation
 p - a potion of might {unknown}
 r - a potion of degeneration {unknown}
Comestibles
 c - 10 rations
 q - 3 chunks of flesh


   Skills:
 - Level 2.4 Dodging
 - Level 2.4 Stealth
 + Level 4.8 Spellcasting
 + Level 6.3 Conjurations


You had 6 spell levels left.
You knew the following spells:

 Your Spells              Type           Power        Failure   Level  Hunger
a - Magic Dart            Conj           ####         1%          1    None
b - Searing Ray           Conj           ####..       1%          2    #......
c - Iskenderun's Mystic   Conj           ####....     9%          4    ####...

Your spell library contained the following spells:

 Spells                   Type           Power        Failure   Level  Hunger
 Dazzling Spray           Conj/Hex       ###...       10%         3    ##.....
 Force Lance              Conj/Tloc      ###.....     32%         4    ####...
 Fulminant Prism          Conj/Hex       ###.......   32%         4    ####...


Dungeon Overview and Level Annotations

Branches:
Dungeon (3/15)

Altars:
Okawaru

Annotations:
D:3 Grinder


Innate Abilities, Weirdness & Mutations

You passively map a small area around you.
You evolve.


Message History

Grinder hits you.
* * * LOW HITPOINT WARNING * * *
You writhe in agony.
* * * LOW HITPOINT WARNING * * *
You are feeling hungry.
Grinder gestures at you. You resist with significant effort.
There is an open door, spattered with blood here.
You close the door.
Grinder opens the door.
You close the door.
Grinder opens the door.
Okay, then.
It was a potion of mutation.
You feel extremely strange.
You feel a strange attunement to the structure of the dungeons.
You feel nature experimenting on you.
Don't worry, failures die fast.
It was a potion of curing.
You feel better.
Grinder says, "There's only one good use for a tongue: cutting it out."
Grinder hits you!
* * * LOW HITPOINT WARNING * * *
You writhe in agony.
You die...

, #.# ### ,,
...#.# #.. *
#.##.# #.. #.##.#
#.. #.##'#########
### #.#..........#
# #.#..........# #
#)#..........# #
#@5..........#####
###...............
#...............
###########.....
#..... #.....
#..... #.....
#.....


You could see Grinder.

Vanquished Creatures
  An orc priest (D:3)
  An orc wizard (D:3)
  2 adders (D:3)
  A worm (D:3)
  2 dart slugs (D:1)
  2 leopard geckos (D:3)
  7 orcs (D:3)
  7 bats
  9 goblins
  5 hobgoblins (D:1)
  2 jackals (D:1)
  10 kobolds
  A ball python (D:3)
  10 rats
60 creatures vanquished.

Notes
Turn   | Place    | Note
-------+----------+-------------------------------------------
     0 | D:1      | OTRawrior the Deep Elf Conjurer began the quest for the
                  | Orb.
     0 | D:1      | Reached XP level 1. HP: 10/10 MP: 6/6
   239 | D:1      | Reached XP level 2. HP: 15/15 MP: 5/8
   243 | D:1      | Learned a level 2 spell: Searing Ray
   278 | D:1      | You fall into a shaft and drop 1 floor!
   358 | D:1      | Reached skill level 5 in Conjurations
   823 | D:1      | Reached XP level 3. HP: 16/19 MP: 7/9
  1578 | D:3      | Reached XP level 4. HP: 24/24 MP: 3/11
  1683 | D:3      | Reached skill level 6 in Conjurations
  1777 | D:3      | Found an iron altar of Okawaru.
  1894 | D:3      | Reached XP level 5. HP: 28/28 MP: 3/14
  2008 | D:3      | Learned a level 4 spell: Iskenderun's Mystic Blast
  2087 | D:3      | Noticed Grinder
  2112 | D:3      | Gained mutation: You passively map a small area around you.
                  | [potion of mutation]
  2112 | D:3      | Gained mutation: You evolve. [potion of mutation]
  2113 | D:3      | Slain by Grinder

Levels and vault maps discovered:
D:1:      zelgadis_glass_arrival_small, layout_loops_ring, nrook_loot_triangle
D:2:      layout_basic
D:3:      layout_basic, okawaru_trees_2, nicolae_overflow_crystal_walls,
          uniq_grinder

Skill      XL: |  1  2  3  4 |
---------------+-------------+-----
Conjurations   | 5 6 |  6.3
Spellcasting   | 4 |  4.8
Dodging        | |  2.4
Stealth        | |  2.4

Action                   |  1- 3 |  4- 6 || total
-------------------------+-------+-------++-------
Melee: Dagger            |     5 |       ||     5
 Cast: Magic Dart        |    78 |    42 ||   120
       Searing Ray       |     1 |     4 ||     5
  Use: Potion            |       |     2 ||     2
 Stab: Sleeping          |     1 |       ||     1
  Eat: Chunk             |     2 |     1 ||     3
Armor: Robe              |     2 |       ||     2
Dodge: Dodged            |    10 |    10 ||    20
